 Dungeon Sprint DCSS version 0.23.0 (webtiles) character file.

Game seed: 12359790863536869907

7131 nuthulu the Bludgeoner (level 11, -1/80 HPs)
             Began as a Gargoyle Fighter on Feb 11, 2019.
             Was the Champion of Makhleb.
             Slain by a spark wasp (5 damage)
             ... in the Dungeon (Sprint V: "Ziggurat Sprint").
             The game lasted 00:04:53 (912 turns).

nuthulu the Bludgeoner (Gargoyle Fighter)            Turns: 912, Time: 00:04:54

Health: -1/80      AC: 45    Str: 26    XL:     11   Next: 10%
Magic:  11/11      EV:  9    Int:  6    God:    Makhleb [******]
Gold:   0          SH:  0    Dex:  9    Spells: 10/10 levels left

rFire    + . .     SeeInvis +   F - +10 dark maul {crush}
rCold    + + .     Gourm    .   (shield currently unavailable)
rNeg     + + .     Faith    .   G - +15 Maxwell's patent armour {-Cast -Tele rElec MR+ rCorr}
rPois    ∞         Spirit   .   (no helmet)
rElec    +         Reflect  .   J - +2 cloak {+Inv}
rCorr    +         Harm     .   (no gloves)
MR       +++..     NoTele   +   o - +2 pair of boots {run} Stlth ..........NoCast +
                                (no amulet)
HPRegen  0.23/turn              I - ring "Tatumu" {rPois rC++ rN+ Str+3 Int-3}
MPRegen  0.12/turn              H - ring "Muit" {+Blink rF+ MR++ SInv}

@: quick
A: negative energy resistance 1, electricity resistance, unbreathing,
petrification resistance, rot immunity, AC +8
a: Minor Destruction, Lesser Servant of Makhleb, Major Destruction, Greater
Servant of Makhleb, Renounce Religion, Evoke Blink, Evoke Invisibility


You were in the Dungeon.
You worshipped Makhleb.
Makhleb was exalted by your worship.
You were hungry.

You visited 1 branch

Inventory:

Hand Weapons
 a - a +0 flail
 F - the +10 dark maul (weapon) {crush}
   (You found it in the Dungeon)

   It inflicts extra damage upon your enemies.
Armour
 o - a +2 pair of boots of running (worn)
 G - the +15 Maxwell's patent armour (worn) {-Cast -Tele rElec MR+ rCorr}
   (You found it in the Dungeon)

   It insulates you from electricity.
   It affects your resistance to hostile enchantments.
   It prevents spellcasting.
   It prevents most forms of teleportation.
   It provides partial protection from all sources of acid and corrosion.
 J - a +2 cloak of invisibility (worn)
Jewellery
 b - an uncursed ring of protection from cold
 z - a +6 ring of dexterity
 A - a +6 ring of dexterity
 B - a +6 ring of intelligence
 C - a +6 ring of intelligence
 D - a +6 ring of strength
 E - a +6 ring of strength
 H - the ring "Muit" (right hand) {+Blink rF+ MR++ SInv}
   (You found it in the Dungeon)

   [ring of see invisible]

   It protects you from fire.
   It affects your resistance to hostile enchantments.
   It lets you see invisible.
   It lets you blink.
 I - the ring "Tatumu" (left hand) {rPois rC++ rN+ Str+3 Int-3}
   (You found it in the Dungeon)

   [ring of positive energy]

   It affects your strength (+3).
   It affects your intelligence (-3).
   It greatly protects you from cold.
   It protects you from poison.
   It protects you from negative energy.
Wands
 w - a wand of disintegration (7)
 x - a wand of iceblast (7)
 y - a wand of acid (7)
Scrolls
 c - a scroll of brand weapon
 k - 4 scrolls of blinking
 q - 4 scrolls of amnesia
 r - 7 scrolls of fog
 s - a scroll of holy word
 t - 5 scrolls of identify
 u - 5 scrolls of remove curse
 v - 2 scrolls of fear
Potions
 d - 6 potions of might
 e - 10 potions of curing
 g - 13 potions of heal wounds
 h - 5 potions of haste
 i - 7 potions of magic
 j - 3 potions of berserk rage
 l - 2 potions of brilliance
 m - 2 potions of invisibility
 n - 4 potions of resistance
 p - 5 potions of agility
Comestibles
 f - 8 rations


   Skills:
 - Level 14.5 Fighting
 - Level 18.3 Maces & Flails
 - Level 11.7 Armour
 - Level 4.6 Dodging
   Level 3.2 Shields


You had 10 spell levels left.
You didn't know any spells.
Your spell library was empty.

Dungeon Overview and Level Annotations

Branches:
Dungeon (1/1)

Altars:
Ashenzari
Cheibriados
Dithmenos
Elyvilon
Fedhas
Gozag
Hepliaklqana
Kikubaaqudgha
Makhleb
Nemelex Xobeh
Okawaru
Qazlal
Ru
Sif Muna
Trog
Uskayaw
Vehumet
Wu Jian
Xom
Yredelemnul
Zin
The Shining One
Beogh
Jiyva
Lugonu

Annotations:
D 1 transporter


Innate Abilities, Weirdness & Mutations

You are resistant to torment.
Your stone body is resilient. (AC +8)
You are immune to poison.
You resist negative energy. (rN+)
You are resistant to electric shocks. (rElec)
You can survive without breathing.
You are immune to petrification.
You are immune to rotting.


Message History

The spark wasp shocks you. You resist.
* * * LOW HITPOINT WARNING * * *
The hornet stings you but does no damage.
The hornet barely misses you.
The redback bites you but does no damage. x2
The wolf spider completely misses you.
The wolf spider bites you but does no damage.
The spark wasp stings you but does no damage.
The hornet stings you.
* * * LOW HITPOINT WARNING * * *
The hornet stings you but does no damage.
The redback bites you but does no damage.
The redback barely misses you.
The wolf spider hits you but does no damage.
The wolf spider closely misses you.
The hornet stings you but does no damage.
The spark wasp stings you!
* * * LOW HITPOINT WARNING * * *
The spark wasp shocks you. You resist.
You die...

▓...8©8...▓...8©8...▓
▓..|))}|..▓..)|:[)..▓
▓..)"!=)..▓.....|...▓
▓.........▓...).....▓
▓.........▓...))))..▓
▓.....s...▓...)(....▓
▓...s.....▓.........▓
▓..sys....▓.▓..(..▓.▓
▓..s@ys...▓....©(...▓
▓..y.y....▓▓▓▓▓▓▓▓▓▓▓
▓▓▓▓▓▓▓▓▓▓▓


You could see a spark wasp, a wolf spider, an orb spider, 3 hornets, 2
tarantellas and 2 redbacks.

Vanquished Creatures
  A hydra (D)
  A thrashing horror (D)
  2 ugly things (D)
  A moth of wrath (shapeshifter) (D)
  An orange demon (D)
  A rime drake (D)
  6 merfolk (D)
  2 hippogriffs (D)
  10 starcursed masses (D)
  A spriggan (D)
  A yak (D)
  A small abomination (D)
  4 hell hounds (D)
  2 floating eyes (D)
  2 porcupines (D)
  A black bear (D)
  A centaur (shapeshifter) (D)
  A centaur (D)
  4 wolves (D)
  2 scorpions (D)
  2 quasits (D)
  A jelly (D)
  2 orc wizards (D)
  4 white imps (D)
  2 oozes (D)
  An adder zombie (D)
  An orc (D)
  A ball python skeleton (D)
  2 giant cockroach zombies (D)
  2 leopard gecko zombies (D)
63 creatures vanquished.

Notes
Turn   | Place    | Note
-------+----------+-------------------------------------------
     0 | D        | Found the +6 Majin-Bo {vamp, Archmagi MP+6 Int+6}
     0 | D        | Found the +7 great mace "Firestarter" {inner flame, rF++}
     0 | D        | nuthulu the Gargoyle Fighter began the quest for the Orb.
     0 | D        | Reached XP level 1. HP: 14/14 MP: 1/1
     0 | D        | Found a blossoming altar of Fedhas.
     1 | D        | Found a deep blue altar of Sif Muna.
     1 | D        | Found a sacrificial altar of Ru.
     1 | D        | Found a bloodstained altar of Trog.
     1 | D        | Found a stormy altar of Qazlal.
     1 | D        | Found an iron altar of Okawaru.
     1 | D        | Found a sparkling altar of Nemelex Xobeh.
     3 | D        | Found a transporter.
     3 | D        | Found an ancient bone altar of Kikubaaqudgha.
     3 | D        | Found a viscous altar of Jiyva.
     3 | D        | Found a corrupted altar of Lugonu.
     3 | D        | Found a hazy altar of Hepliaklqana.
     3 | D        | Found a burning altar of Makhleb.
     3 | D        | Found an opulent altar of Gozag.
    25 | D        | Found the +9 heavy crossbow "Sniper" {velocity, Acc+∞ SInv}
    25 | D        | Found the +10 dark maul {crush}
    25 | D        | Found the +15 Maxwell's patent armour {-Cast -Tele rElec
                  | MR+ rCorr}
    25 | D        | Found the +18 shield of the Gong {rElec rN+ MR+ EV-5}
    25 | D        | Found the cursed +14 obsidian axe {chop, +Fly SInv *Curse}
    43 | D        | Reached XP level 2. HP: 26/26 MP: 2/2
    49 | D        | Became a worshipper of Makhleb the Destroyer
    57 | D        | Entered arena 2.
    57 | D        | Noticed a scorpion
    57 | D        | Noticed a scorpion
    57 | D        | Found a transporter.
    72 | D        | Killed a scorpion
    72 | D        | Reached skill level 5 in Maces & Flails
    72 | D        | Reached XP level 3. HP: 14/30 MP: 3/3
    82 | D        | Killed a scorpion
    82 | D        | Reached skill level 7 in Maces & Flails
    82 | D        | Reached XP level 4. HP: 13/36 MP: 4/4
   274 | D        | Entered arena 3.
   274 | D        | Found a transporter.
   280 | D        | Reached * piety under Makhleb
   280 | D        | Reached skill level 8 in Maces & Flails
   280 | D        | Reached XP level 5. HP: 40/40 MP: 5/5
   288 | D        | Reached skill level 9 in Maces & Flails
   336 | D        | Entered arena 4.
   336 | D        | Noticed a black bear
   336 | D        | Noticed a spriggan
   336 | D        | Noticed a wolf
   336 | D        | Noticed a wolf
   336 | D        | Found a transporter.
   342 | D        | Killed a spriggan
   342 | D        | Reached ** piety under Makhleb
   342 | D        | Reached skill level 11 in Maces & Flails
   342 | D        | Reached XP level 6. HP: 28/45 MP: 6/6
   343 | D        | Reached skill level 12 in Maces & Flails
   346 | D        | Killed a black bear
   346 | D        | Reached XP level 7. HP: 32/50 MP: 7/7
   347 | D        | Reached skill level 13 in Maces & Flails
   434 | D        | Entered arena 5.
   434 | D        | Noticed a cyan ugly thing
   434 | D        | Noticed a brown ugly thing
   434 | D        | Noticed a jumping spider
   434 | D        | Found a transporter.
   435 | D        | Noticed a redback
   435 | D        | a jumping spider changed into a redback
   438 | D        | Killed a brown ugly thing
   438 | D        | Reached *** piety under Makhleb
   438 | D        | Reached skill level 15 in Maces & Flails
   438 | D        | Reached XP level 8. HP: 56/56 MP: 8/8
   438 | D        | Noticed a moth of wrath
   438 | D        | a redback changed into a moth of wrath
   440 | D        | Killed a moth of wrath
   440 | D        | Reached skill level 16 in Maces & Flails
   441 | D        | Killed a brown ugly thing
   441 | D        | Reached skill level 17 in Maces & Flails
   441 | D        | Reached XP level 9. HP: 60/60 MP: 9/9
   453 | D        | Entered arena 6.
   453 | D        | Found a transporter.
   455 | D        | Reached **** piety under Makhleb
   455 | D        | Paralysed by a floating eye for 3 turns
   460 | D        | Paralysed by a floating eye for 4 turns
   475 | D        | Entered arena 7.
   476 | D        | Found a transporter.
   479 | D        | Reached ***** piety under Makhleb
   480 | D        | Reached skill level 18 in Maces & Flails
   501 | D        | Identified a +2 pair of boots of running (You found it in
                  | the Dungeon)
   541 | D        | Entered arena 8.
   542 | D        | Found a transporter.
   544 | D        | Reached ****** piety under Makhleb
   566 | D        | Entered arena 9.
   566 | D        | Noticed a rime drake
   566 | D        | Noticed an eight-headed hydra
   567 | D        | Found the +8 frozen axe "Frostbite" {freezing cloud, *Noise
                  | +Fly rC+}
   570 | D        | Killed an eight-headed hydra
   571 | D        | Reached XP level 10. HP: 67/70 MP: 10/10
   574 | D        | Reached skill level 1 in Dodging
   577 | D        | Found a transporter.
   585 | D        | Entered arena 10.
   585 | D        | Noticed a starcursed mass
   585 | D        | Noticed a thrashing horror
   585 | D        | Noticed an orange demon
   586 | D        | Found a transporter.
   587 | D        | Killed a thrashing horror
   589 | D        | Paralysed by accursed screaming for 1 turns
   591 | D        | Killed a starcursed mass
   609 | D        | Killed an orange demon
   615 | D        | Got the ring "Muit" {+Blink rF+ MR++ SInv}
   661 | D        | Entered arena 11.
   662 | D        | Identified the +6 falchion of Courage {slice, +Rage MR-
                  | Str+2 Stlth+}
   662 | D        | Found a transporter.
   665 | D        | Reached skill level 10 in Armour
   674 | D        | Reached XP level 11. HP: 21/80 MP: 11/11
   686 | D        | Got the ring "Tatumu" {rPois rC++ rN+ Str+3 Int-3}
   905 | D        | Entered arena 12.
   905 | D        | Noticed an orb spider
   905 | D        | Noticed a spark wasp
   905 | D        | Noticed a wolf spider
   907 | D        | Found a transporter.
   912 | D        | HP: 4/80 [spark wasp (8)]
   912 | D        | Slain by a spark wasp

Skill      XL: |  1  2  3  4  5  6  7  8  9 10 |
---------------+-------------------------------+-----
Fighting       | 8 11 14 | 14.5
Maces & Flails | 5 7 8 11 12 15 17 18 | 18.3
Armour         | 6 11 | 11.7
Dodging        | 4 |  4.6
Shields        | |  3.2

Action                   |  1- 3 |  4- 6 |  7- 9 | 10-12 || total
-------------------------+-------+-------+-------+-------++-------
Melee: Flail             |    24 |    12 |       |       ||    36
       Maul              |       |    10 |    41 |    47 ||    98
  Use: Potion            |     1 |       |       |     2 ||     3
Armor: Plate armour      |    26 |    73 |   145 |   266 ||   510
Dodge: Dodged            |     2 |    30 |    66 |   105 ||   203
Block: Shield            |    15 |    11 |       |       ||    26
